 Dungeon Crawl Stone Soup version 0.29.1-15-g9cfb28693d (webtiles) character file.

Game seed: 7430792751083591260

76 vishdafish the Conjurer (level 4, 30/30 HPs)
             Began as a Demonspawn Conjurer on Mar 29, 2023.
             Quit the game on level 3 of the Dungeon.
             The game lasted 00:03:10 (3026 turns).

vishdafish the Conjurer (Demonspawn Conjurer)       Turns: 3026, Time: 00:03:11

Health: 30/30      AC:  4    Str:  7    XL:     4   Next: 12%
Magic:  2/8        EV: 12    Int: 21    God:
Gold:   76         SH:  0    Dex: 12    Spells: 8/9 levels left

rFire   . . .      SeeInvis .   d - +0 short sword
rCold   . . .      Faith    .   (no shield)
rNeg    . . .      Spirit   .   a - +0 robe
rPois   .          Reflect  .   (no helmet)
rElec   .          Harm     .   (no cloak)
rCorr   .          Rampage  .   (no gloves)
Will    .....                   (no boots)
Stlth   ++........              (no amulet)
HPRegen 0.10/turn               (no ring)
MPRegen 0.22/turn               (no ring)

@: no status effects
A: yellow scales 1, powered by pain 1, magic regeneration
a: no special abilities


You were on level 3 of the Dungeon.
You visited 1 branch of the dungeon, and saw 3 of its levels.

You collected 76 gold pieces.

Inventory:

Hand Weapons
 d - a +0 short sword (weapon)
Armour
 a - a +0 robe (worn)
Scrolls
 c - 3 scrolls of teleportation {unknown}
 g - 2 scrolls of magic mapping {unknown}
 h - 2 scrolls of identify {unknown}
 i - a scroll of brand weapon {unknown}
 k - a scroll of immolation {unknown}
 l - a scroll of amnesia {unknown}
Potions
 b - a potion of magic
 e - a potion of mutation {unknown}
 f - a potion of lignification {unknown}
 j - a potion of degeneration {unknown}
 m - a potion of heal wounds {unknown}


   Skills:
 - Level 2.0 Dodging
 - Level 2.0 Stealth
 + Level 3.1 Spellcasting
 + Level 4.8 Conjurations


You had 8 spell levels left.
You knew the following spells:

 Your Spells              Type           Power      Damage    Failure   Level
a - Magic Dart            Conj           92%        1d7       1%          1

Your spell library contained the following spells:

 Spells                   Type           Power      Damage    Failure   Level
 Searing Ray              Conj           46%        2d6       2%          2
 Static Discharge         Conj/Air       13%        3-5/arc   8%          2
 Dazzling Flash           Conj/Hex       26%        N/A       14%         3
 Fulminant Prism          Conj/Hex       6%         3d7       43%         4
 Iskenderun's Mystic Bla  Conj/Tloc      13%        2d5       43%         4
 Sticky Flame             Conj/Fire      13%        2d4       43%         4
 Dispel Undead            Necr           3%         3d7       78%         4


Dungeon Overview and Level Annotations

Branches:
Dungeon (3/15)

Altars:
Cheibriados
Gozag

Shops:
D:1 [


Innate Abilities, Weirdness & Mutations

You are partially covered in yellow scales. (AC +2)
You sometimes gain a little power by taking damage.
You regenerate magic rapidly.


Message History

Found a ring mail.
A rat comes into view.
A rat is nearby!
A rat is nearby!
The magic dart hits the rat.
You kill the rat!
You can't see any susceptible monsters within range! (Use Z to cast anyway.)
You can't see any susceptible monsters within range! (Use Z to cast anyway.)
A hobgoblin comes into view.
Found a stone staircase leading down.
A hobgoblin is nearby!
A hobgoblin is nearby!
The magic dart hits the hobgoblin.
The hobgoblin is moderately wounded.
The hobgoblin shouts!
The magic dart hits the hobgoblin!
You kill the hobgoblin!
You can't see any susceptible monsters within range! (Use Z to cast anyway.)
You can't see any susceptible monsters within range! (Use Z to cast anyway.)
You see here a hobgoblin corpse.
There is a stone staircase leading down here.
A kobold comes into view. It is wielding a +0 dagger.
The kobold shouts!
You hear an angry hiss.
A kobold is nearby!
A kobold is nearby!
The magic dart hits the kobold but does no damage.
The magic dart hits the kobold but does no damage.
An adder comes into view.
The magic dart hits the kobold.
The kobold is severely wounded.
The magic dart hits the kobold.
You kill the kobold!
The magic dart hits the adder.
The adder is heavily wounded.
The magic dart hits the adder!
You kill the adder!
You have reached level 4!
You feel agile.
Your demonic ancestry asserts itself...
You feel energised by your suffering.
Are you sure you want to abandon this character and quit the game? (Confirm with "yes".)

### ..# #.#
##########.#######
#.........@.......
#.#########)######
#.# .# #.# .# #.#
### .# #.# #.. ..
#.# #.# .# #.# #.#
.# #.# #.# #


There were no monsters in sight!

Vanquished Creatures
  2 adders
  A dart slug (D:2)
  2 orcs (D:2)
  An endoplasm (D:2)
  A giant cockroach (D:2)
  5 goblins
  2 hobgoblins
  2 jackals (D:2)
  7 kobolds
  A quokka (D:1)
  10 ball pythons
  10 bats
  2 frilled lizards (D:1)
  6 rats
52 creatures vanquished.

Notes
Turn   | Place    | Note
-------+----------+-------------------------------------------
     0 | D:1      | vishdafish the Demonspawn Conjurer began the quest for the
                  | Orb.
     0 | D:1      | Reached XP level 1. HP: 13/13 MP: 3/3
   685 | D:1      | Gained mutation: You are partially covered in yellow
                  | scales. (AC +2) [demonic ancestry]
   685 | D:1      | Reached XP level 2. HP: 19/19 MP: 3/5
   852 | D:1      | Found a faded altar of an unknown god.
   947 | D:1      | Found Tacoxkur's Antique Armour Shoppe.
  1763 | D:2      | Gained mutation: You regenerate magic rapidly. [demonic
                  | ancestry]
  1763 | D:2      | Reached XP level 3. HP: 24/24 MP: 4/6
  1925 | D:2      | Found an opulent altar of Gozag.
  2370 | D:3      | Found a snail-covered altar of Cheibriados.
  3026 | D:3      | Gained mutation: You sometimes gain a little power by
                  | taking damage. [demonic ancestry]
  3026 | D:3      | Reached XP level 4. HP: 30/30 MP: 2/8
  3026 | D:3      | Quit the game

Illustrated notes

Levels and vault maps discovered:
D:1:      ncdulo_smallfort, layout_loops_corners, serial_shops,
          nicolae_shop_advertising_works [nicolae_subvault_shop_adworks],
          serial_co_window_serial, co_window_corner_a, co_window_paths_a,
          co_window_cross_1, co_window_paths_a, co_window_corner_a,
          co_window_paths_a, co_window_paths_a, co_window_unsneaky_path_e,
          co_window_broadway_a, co_window_paths_c, co_window_broadway_b,
          co_window_unsneaky_path_d, co_window_corner_b, glass_columns_b,
          glass_columns_a, glass_columns_a,
          shapermc_ecumenical_altar_totnotflames
D:2:      cheibrodos_pilgrimage, layout_basic, basic_altar
D:3:      layout_loops_ring, general_overflow_altar, zin_scriptorium,
          elyvilon_altar_4, mainiacjoe_overflow_surrounded_room, serial_shops,
          shop

Skill      XL: |  1  2  3 |
---------------+----------+-----
Dodging        | 2 |  2.0
Stealth        | 2 |  2.0
Spellcasting   | 3 |  3.1
Conjurations   | |  4.8

Action                   |  1- 3 |  4- 6 || total
-------------------------+-------+-------++-------
Melee: Short sword       |     8 |       ||     8
 Cast: Magic Dart        |   100 |       ||   100
Armor: Robe              |     4 |       ||     4
Dodge: Dodged            |     8 |       ||     8
